 Dungeon Crawl Stone Soup version 0.30-a0-218-gedb9141078 (webtiles) character file.

Game seed: 18332278242663409012

249 funkygono the Digger (level 6, -3/32 HPs)
             Began as a Gargoyle Earth Elementalist on Oct 5, 2022.
             Slain by an ice beast (13 damage)
             ... on level 3 of the Dungeon.
             The game lasted 00:03:46 (1842 turns).

funkygono the Digger (Gargoyle Earth Elementalist)  Turns: 1842, Time: 00:03:46

Health: -3/32      AC:  6    Str: 11    XL:     6   Next: 12%
Magic:  6/11       EV: 12    Int: 24    God:
Gold:   126        SH:  0    Dex: 10    Spells: 6/12 levels left

rFire   . . .      SeeInvis +    l - +0 whip
rCold   . . .      Faith    .    (no shield)
rNeg    + . .      Spirit   .    a - +0 robe
rPois   ∞          Reflect  .    (no helmet)
rElec   +          Harm     .    (no cloak)
rCorr   .          Rampage  .    (no gloves)
Will    .....                    (no boots)
Stlth   ++........               (no amulet)
HPRegen 0.25/turn                n - ring of see invisible
MPRegen 0.12/turn                p - +6 ring of intelligence

@: no status effects
A: sickness immunity, AC +4, negative energy resistance 1, electricity
resistance, torment resistance 1, petrification resistance
a: no special abilities


You were on level 3 of the Dungeon.
You visited 1 branch of the dungeon, and saw 3 of its levels.

You collected 126 gold pieces.

Inventory:

Hand Weapons
 c - a +0 mace
 l - a +0 whip (weapon)
Armour
 a - a +0 robe (worn)
Jewellery
 n - a ring of see invisible (left hand)
 p - a +6 ring of intelligence (right hand)
Wands
 b - a wand of digging (2)
Scrolls
 f - a scroll of silence {unknown}
 g - 2 scrolls of identify {unknown}
 i - 2 scrolls of teleportation {unknown}
 o - a scroll of fear {unknown}
 q - a scroll of enchant weapon {unknown}
Potions
 d - a potion of invisibility {unknown}
 e - a potion of brilliance {unknown}
 h - a potion of attraction {unknown}
 j - 3 potions of curing {unknown}
 k - 2 potions of cancellation {unknown}
 m - a potion of flight {unknown}


   Skills:
 + Level 0.2 Fighting
 + Level 2.0 Dodging
 - Level 2.1 Stealth
 + Level 3.6 Spellcasting
 * Level 1.6 Conjurations
 + Level 0.7 Transmutations
 + Level 6.1 Earth Magic


You had 6 spell levels left.
You knew the following spells:

 Your Spells              Type           Power      Damage    Failure   Level
a - Sandblast             Erth           66%        2d15      1%          1
b - Passwall              Tmut/Erth      16%        N/A       3%          2
c - Stone Arrow           Conj/Erth      44%        3d9       6%          3

Your spell library contained the following spells:

 Spells                   Type           Power      Damage    Failure   Level
 Petrify                  Tmut/Erth      20%        N/A       24%         4


Dungeon Overview and Level Annotations

Branches:
Dungeon (3/15)

Altars:


Innate Abilities, Weirdness & Mutations

You are immune to sickness and miasma.
Your stone body is resilient. (AC +4)
You are immune to poison.
You resist negative energy. (rN+)
You are resistant to electric shocks. (rElec)
You are resistant to unholy torment.
You are immune to petrification.


Message History

Press: ? - help, Shift-Dir - straight line, f - ice beast
Aim: an ice beast (84% to hit)
The blast of sand hits the ice beast!
The ice beast is moderately wounded.
A jackal comes into view.
Casting: Sandblast (safe; 1% risk of failure)
Confirm with . or Enter, or press ? or * to list all spells.
Aiming: Sandblast (safe; 1% risk of failure)
Press: ? - help, Shift-Dir - straight line, f/p - ice beast
Aim: an ice beast (moderately wounded, 84% to hit)
The blast of sand hits the ice beast!
The ice beast is severely wounded.
The ice beast hits you. The ice beast freezes you. The ice beast misses you.
Casting: Sandblast (safe; 1% risk of failure)
Confirm with . or Enter, or press ? or * to list all spells.
Aiming: Sandblast (safe; 1% risk of failure)
Press: ? - help, Shift-Dir - straight line, f/p - ice beast
Aim: an ice beast (severely wounded, 84% to hit)
The blast of sand hits the ice beast.
The ice beast is severely wounded.
The ice beast hits you. The ice beast freezes you!
Unknown command.
Casting: Sandblast (safe; 1% risk of failure)
Confirm with . or Enter, or press ? or * to list all spells.
Aiming: Sandblast (safe; 1% risk of failure)
Press: ? - help, Shift-Dir - straight line, f/p - ice beast
Aim: an ice beast (severely wounded, 84% to hit)
The blast of sand hits the ice beast but does no damage.
The ice beast is severely wounded.
The ice beast misses you.
The ice beast hits you but does no damage.
Casting: Sandblast (safe; 1% risk of failure)
Confirm with . or Enter, or press ? or * to list all spells.
Aiming: Sandblast (safe; 1% risk of failure)
Press: ? - help, Shift-Dir - straight line, f/p - ice beast
Aim: an ice beast (severely wounded, 84% to hit)
The blast of sand hits the ice beast.
The ice beast is almost dead.
The ice beast hits you. The ice beast freezes you!
You die...

..........##......#
....... #........#..#####
....... ###........#####
....... #......#####.#
....... #.......##...#
....... ###..........#.#
....... #..............##
......h##.#......####....
#..KY@.####..####.....
#..h#### ..###.......
#.#. ###..##...# .. #.
##..... ... .. ##..#..#
.$ .. ###..#...# . ...
#......... ...
..)....##.#. ##..#####.#.


You could see an ice beast, 2 jackals and a kobold.

Vanquished Creatures
  Sigmund (D:3)
  Terence (D:2)
  2 adders (D:2)
  3 bats
  3 endoplasms
  3 giant cockroaches
  5 goblins
  7 hobgoblins
  A jackal (D:3)
  2 quokkas
  7 ball pythons
  4 frilled lizards
  5 kobolds
  6 rats
50 creatures vanquished.

Notes
Turn   | Place    | Note
-------+----------+-------------------------------------------
     0 | D:1      | funkygono the Gargoyle Earth Elementalist began the quest
                  | for the Orb.
     0 | D:1      | Reached XP level 1. HP: 10/10 MP: 3/3
   140 | D:1      | Reached XP level 2. HP: 15/15 MP: 3/5
   143 | D:1      | Learned a level 2 spell: Passwall
   357 | D:1      | Reached skill level 4 in Earth Magic
   573 | D:1      | Reached XP level 3. HP: 19/19 MP: 4/6
  1388 | D:2      | Found a faded altar of an unknown god.
  1443 | D:2      | Noticed Terence
  1452 | D:2      | Killed Terence
  1453 | D:2      | Reached skill level 5 in Earth Magic
  1453 | D:2      | Reached XP level 4. HP: 9/24 MP: 5/8
  1518 | D:2      | Learned a level 3 spell: Stone Arrow
  1647 | D:3      | Noticed Sigmund
  1661 | D:3      | Killed Sigmund
  1662 | D:3      | Reached skill level 1 in Conjurations
  1662 | D:3      | Reached skill level 6 in Earth Magic
  1662 | D:3      | Reached XP level 5. HP: 15/28 MP: 4/10
  1662 | D:3      | Reached XP level 6. HP: 17/32 MP: 4/11
  1835 | D:3      | Noticed an ice beast
  1842 | D:3      | Slain by an ice beast

Illustrated notes

Levels and vault maps discovered:
D:1:      nicolae_arrival_memento_mori, layout_basic
D:2:      layout_rooms, hellmonk_ecumenical_altar_pennies_from_heaven,
          uniq_terence
D:3:      layout_rooms, uniq_sigmund, uniq_robin, uniq_grinder

Skill      XL: |  1  2  3  4 |
---------------+-------------+-----
Earth Magic    | 4 5 6 |  6.1
Dodging        | 2 |  2.0
Spellcasting   | 3 |  3.6
Conjurations   | 1 |  1.6
Fighting       | |  0.2
Stealth        | |  2.1
Transmutations | |  0.7

Action                   |  1- 3 |  4- 6 || total
-------------------------+-------+-------++-------
Melee: Club              |    12 |       ||    12
       Whip              |     2 |       ||     2
 Cast: Sandblast         |    58 |    19 ||    77
  Use: Potion            |     1 |       ||     1
Armor: Robe              |     8 |     1 ||     9
Dodge: Dodged            |    21 |     2 ||    23

Table legend: (Time is in decaauts)
 A = Elapsed time spent in this place.
 B = Non-inter-level travel time spent in this place.
 C = Inter-level travel time spent in this place.
 D = Time resting spent in this place.
 E = Time spent auto-exploring this place.
 F = Levels seen in this place.
 G = Mean time per level.
                   A        B        C        D        E       F      G
               +--------+--------+--------+--------+--------+-----+--------+
         Total |   1884 |   1862 |     22 |    135 |   1411 |   3 |  628.0 |
       Dungeon |   1884 |   1862 |     22 |    135 |   1411 |   3 |  628.0 |
               +--------+--------+--------+--------+--------+-----+--------+

Top non-repeatable levels by time:
     D:1: 1063 daAuts
     D:2: 626 daAuts
     D:3: 194 daAuts
